[Event "10th Menchik Memorial 2025"]
[Site "London"]
[Date "2025.03.23"]
[Round "7.1"]
[White "Zimina, Olga"]
[Black "Yao, Lan"]
[Result "1-0"]
[Annotator "NA RC"]
[ECO "D02"]
[WhiteElo "2293"]
[BlackElo "2294"]
[PlyCount "173"]
[EventDate "2025.03.11"]
[EventType "tourn"]
[EventCountry "ENG"]
[SourceTitle "playchess.com"]
[Source "ChessBase"]
[SourceQuality "1"]
[TimeControl "5400+30"]

1. d4 Nf6 2. Nf3 d5 3. Bf4 c5 4. e3 Nc6 5. Nbd2 Bg4 6. c3 e6 7. Qa4 Nd7 8. Bb5 Qc8 9. Ne5 Ncxe5 10. Bxe5 a6 11. Bxd7+ Qxd7 12. Qxd7+ Kxd7 13. dxc5 f6 14. Bd6 Bxd6 15. cxd6 Kxd6 16. f3 Bh5 17. e4 dxe4 18. Nxe4+ Kc6 19. O-O-O Rad8 20. b4 b6 21. Kb2 Bg6 22. c4 e5 23. Kc3 h6 24. a4 f5 25. Nf2 Rhe8 26. b5+ axb5 27. axb5+ Kb7 28. Rxd8 Rxd8 29. Re1 Re8 30. Nd3 e4 31. fxe4 fxe4 32. Nb4 Bf5 33. Nd5 Ra8 34. g4 Bh7 35. Kd4 Rf8 36. h4 Rf3 37. Ne3 Rh3 38. h5 Rf3 39. g5 hxg5 40. Rg1 Rf7 41. Rxg5 Rd7+ 42. Ke5 Re7+ 43. Kd6 Rf7 44. Nd5 Bf5 45. Ke5 e3 46. Nxe3 Bd3 47. Kd4 Rd7+ 48. Nd5 Be2 49. Rf5 Bg4 50. Re5 Ka7 51. Ke3 Rf7 52. Ne7 Kb7 53. Nc6 Kc7 54. Rg5 Bd1 55. Ne5 Re7 56. Kd4 Be2 57. Kd5 Bd1 58. Rf5 Be2 59. Kd4 Kb7 60. Kc3 Rc7 61. Nc6 Rd7 62. Nd4 Bd1 63. Rg5 Rf7 64. Nf5 Kb8 65. Nxg7 Rf3+ 66. Kd2 Bb3 67. Rg4 Rh3 68. Rd4 Kc8 69. Rd3 Rh2+ 70. Kc3 Ba2 71. Rd6 Kb7 72. h6 Rh3+ 73. Kb4 Bb1 74. Ne6 Bc2 75. Nd4 Be4 76. Re6 Bb1 77. Rf6 Be4 78. Ne6 Bc2 79. c5 bxc5+ 80. Nxc5+ Kc8 81. Rc6+ Kd8 82. Nb7+ Kd7 83. Rxc2 Rxh6 84. Ka5 Rh1 85. Ka6 Ra1+ 86. Na5 Rb1 87. b6 1-0

[Event "10th Menchik Memorial 2025"]
[Site "London"]
[Date "2025.03.23"]
[Round "7.2"]
[White "Sliwicka, Alicja"]
[Black "Toma, Katarzyna"]
[Result "1/2-1/2"]
[Annotator "TA"]
[ECO "B33"]
[WhiteElo "2342"]
[BlackElo "2177"]
[PlyCount "74"]
[EventDate "2025.03.11"]
[EventType "tourn"]
[EventCountry "ENG"]
[SourceTitle "playchess.com"]
[Source "ChessBase"]
[SourceQuality "1"]
[TimeControl "5400+30"]

1. e4 c5 2. Nf3 Nc6 3. d4 cxd4 4. Nxd4 Qb6 5. Nb3 Nf6 6. Nc3 e6 7. Bd3 d6 8. O-O Be7 9. Kh1 a6 10. f4 Qc7 11. Qf3 Nb4 {[%emt 0:00:39] B33: Sicilian: Pelikan and Sveshnikov Variations.} 12. Bd2 Nxd3 13. cxd3 O-O {[%emt 0:01:36] White is slightly better.} 14. Rfc1 $146 (14. Rac1 Qd8 15. g4 Nd7 16. g5 b5 17. Ne2 d5 18. e5 b4 19. d4 a5 20. Ng3 {0-1 Campelo,L (2220)-Galego,L (2494) JAI op Sao Caetano do Sul 2009 (2)}) 14... Qd8 15. Na4 b6 {[%emt 0:17:21][%cal Bb7b6,Bb6b5,Bb5b4][%mdl 32] Wards off Ba5} 16. Nd4 Bd7 17. Nc6 Bxc6 18. Rxc6 Nd7 {[%emt 0:02:46] [#]} 19. Be3 Rb8 20. Rc2 b5 21. Nc3 Qa5 22. Bd2 b4 $36 {[%emt 0:06:28][%cal Of8c8][%mdl 2048] [#] ...Rfc8! would now be deadly. Black is more active.} 23. Ne2 Rfc8 24. Rxc8+ Rxc8 25. a3 d5 26. Rf1 dxe4 27. dxe4 Qb5 28. axb4 Bxb4 29. Nc3 Qb7 30. f5 Nf6 31. fxe6 fxe6 32. Qh3 {[%emt 0:00:52] e5 would now be deadly.} Re8 (32... Nxe4 $2 {is the wrong capture.} 33. Qxe6+ Kh8 34. Nxe4 $18 (34. Qxe4 Qb8 $18)) (32... Qc6 {simplifies} 33. e5 Bxc3 34. Qxc3 Qxc3 35. Bxc3 Nd5) 33. e5 Nd5 (33... Nd7 $15) 34. Qh5 $11 {[%emt 0:01:28] The position is equal.} Rf8 {[%emt 0:01:16] Successful Defense Black} 35. Rxf8+ Bxf8 36. Nxd5 Qxd5 37. Bc3 Qd3 {[%emt 0:00:56] Weighted Error Value: White=0.07 (flawless) /Black=0.12 (very precise)   Mistake:       	---       	Black=1      Inaccurate:     	White=2     	Black=2      OK:         	White=11    	Black=8      Best:        	White=1     	---} 1/2-1/2

[Event "10th Menchik Memorial 2025"]
[Site "London"]
[Date "2025.03.23"]
[Round "7.3"]
[White "Hunt, Harriet V"]
[Black "Navrotescu, Andreea"]
[Result "1/2-1/2"]
[Annotator "NA RC"]
[ECO "B33"]
[WhiteElo "2296"]
[BlackElo "2288"]
[PlyCount "69"]
[EventDate "2025.03.11"]
[EventType "tourn"]
[EventCountry "ENG"]
[SourceTitle "playchess.com"]
[Source "ChessBase"]
[SourceQuality "1"]
[TimeControl "5400+30"]

1. e4 c5 2. Nc3 e6 3. Nf3 Nc6 4. d4 cxd4 5. Nxd4 Nf6 6. Ndb5 d6 7. Bf4 e5 8. Bg5 a6 9. Na3 b5 10. Nd5 Be7 11. Bxf6 Bxf6 12. c3 O-O 13. g3 Bg5 14. Nc2 Rb8 15. Bg2 Be6 16. O-O a5 17. Nce3 b4 18. Nc4 Ne7 19. Qa4 bxc3 20. bxc3 Nxd5 21. exd5 Bd7 22. Qxa5 Bb5 23. Qxd8 Rfxd8 24. Na5 Bxf1 25. Bxf1 Rb2 26. a4 Ra8 27. Nc4 Rb3 28. Nxd6 Rxc3 29. a5 Rc5 30. a6 Bd8 31. Rb1 Rxd5 32. Nxf7 Kxf7 33. Bc4 Kf6 34. Bxd5 Rxa6 35. Kg2 1/2-1/2

[Event "10th Menchik Memorial 2025"]
[Site "London"]
[Date "2025.03.23"]
[Round "7.4"]
[White "Schulze, Lara"]
[Black "Van Foreest, Machteld"]
[Result "1/2-1/2"]
[Annotator "TA"]
[ECO "B40"]
[WhiteElo "2313"]
[BlackElo "2352"]
[PlyCount "114"]
[EventDate "2025.03.11"]
[EventType "tourn"]
[EventCountry "ENG"]
[SourceTitle "playchess.com"]
[Source "ChessBase"]
[SourceQuality "1"]
[TimeControl "5400+30"]

1. e4 c5 2. Nf3 e6 3. c3 d5 4. exd5 exd5 5. Bb5+ Bd7 6. Bxd7+ {[%emt 0:06:33] B40: Sicilian: 2...e6, Unusual lines.} Nxd7 7. O-O Bd6 8. d4 {[%emt 0:01:36] White has an edge.} Ne7 9. Bg5 O-O 10. Bxe7 $146 (10. Nbd2 c4 11. Re1 Re8 12. Qc2 f6 13. Bh4 Nf8 14. Bg3 g6 15. Re2 Nf5 16. Rxe8 Qxe8 {½-½ Matejovsky,O (2069)-Jiruse,J (2114) CZE-chT2c 0607 2006 (4.8)}) 10... Bxe7 11. dxc5 Nxc5 12. Nbd2 Qb6 13. Nb3 Rfd8 14. Nxc5 Bxc5 15. Qd2 d4 16. b4 Be7 17. Nxd4 Bxb4 18. Rab1 Bxc3 19. Qxc3 Qxd4 20. Qxd4 Rxd4 21. Rxb7 $11 {[%emt 0:00:08][%mdl 4096] Endgame KRR-KRR} Rd2 22. Rfb1 Rad8 {[%emt 0:03:33] ( -> ...Rd1+)} 23. Rb8 g6 24. Rxd8+ $1 Rxd8 {[%emt 0:00:04] KR-KR} 25. g3 Rd2 26. a4 Rd4 27. h4 (27. a5 $1 $11) 27... Rxa4 $17 28. Rb8+ Kg7 29. Ra8 h5 30. Kg2 Kf6 31. Kf3 Kf5 32. Rc8 {[%emt 0:01:41] [#]} Ra3+ $1 33. Kg2 Ra5 34. Ra8 Ke4 (34... Ra1 $142 35. Rb8 Ra4) 35. Re8+ {[%emt 0:01:35] [#]} Kd4 (35... Re5 $1 $17 36. Rd8 Re7) 36. Re7 $11 {[%emt 0:01:01] The position is equal.} f6 37. Re6 g5 38. Rxf6 g4 39. f3 {[%emt 0:06:35] And now fxg4 would win.} Ra2+ 40. Kg1 Ke5 41. Rf7 Ke6 42. Rf8 Ra3 43. Re8+ Kf6 44. Rh8 Ra1+ 45. Kf2 Ra2+ 46. Kf1 gxf3 47. Rf8+ Ke5 48. Rxf3 a5 49. Rf8 Ke4 50. Rh8 Kf3 51. Ke1 Re2+ 52. Kd1 {[%emt 0:00:07] Threatening mate with Rf8+.} Re5 53. Rg8 a4 54. Kc2 a3 {[%emt 0:00:34] aiming for ...Rb5.} 55. Kb3 Kg2 56. Rg5 Re3+ 57. Ka2 Rxg3 {[%emt 0:00:09] And White is the lucky defender.   Weighted Error Value: White=0.10 (very precise) /Black=0.07 (flawless)   Mistake:       	White=1     	Black=2      Inaccurate:     	White=2     	Black=1      OK:         	White=27    	Black=26     Best:        	White=3     	---        Strong:       	White=1     	---} 1/2-1/2

[Event "10th Menchik Memorial 2025"]
[Site "London"]
[Date "2025.03.23"]
[Round "7.5"]
[White "Unuk, Laura"]
[Black "Mirzoeva, Elmira"]
[Result "0-1"]
[Annotator "TA"]
[ECO "A45"]
[WhiteElo "2301"]
[BlackElo "2272"]
[PlyCount "100"]
[EventDate "2025.03.11"]
[EventType "tourn"]
[EventCountry "ENG"]
[SourceTitle "playchess.com"]
[Source "ChessBase"]
[SourceQuality "1"]
[TimeControl "5400+30"]

1. d4 Nf6 2. Bf4 b6 3. Nc3 Bb7 4. f3 d5 5. Nb5 Na6 6. e3 {[%emt 0:00:12] A45: Trompowsky Attack.} c6 7. Nc3 e6 8. g4 {[%emt 0:08:54] The position is equal.} Be7 $146 ({Predecessor:} 8... Bd6 9. Qd2 Qe7 10. O-O-O Nc7 11. Bxd6 Qxd6 12. e4 dxe4 13. fxe4 Qe7 14. g5 Nd7 {1-0 Carlsen,M (2830)-Mitrabha,G (2526) Titled Tuesday intern op 19th Mar Late blitz 2024 (6)}) 9. Qd2 Nc7 10. O-O-O $1 b5 11. Kb1 a5 12. h4 a4 13. Qh2 Na6 14. Nce2 (14. a3 $11) 14... b4 15. Nc1 Qb6 16. Nge2 O-O-O (16... Nd7 $15) 17. Nd3 $14 c5 18. dxc5 Nxc5 19. Nxc5 Bxc5 20. Nd4 Nd7 {[%emt 0:06:37] [#]} (20... a3 $14) 21. Bb5 $2 {[%emt 0:07:27] [#]} (21. Nb5 $1 $16) 21... f6 $1 $17 (21... Bxd4 22. Bxd7+ (22. Bxa4 $2 Bc5 $19) 22... Kxd7 23. Rxd4 $16 (23. exd4 Rc8 $14)) 22. Bxa4 e5 23. Nb3 (23. Bxd7+ $142 Rxd7 24. Bxe5 fxe5 25. Qxe5) 23... exf4 24. Bxd7+ Rxd7 25. Nxc5 Qxc5 26. Qxf4 Rc7 27. Rd2 (27. Qf5+ $17 Kb8 28. Rd4) 27... Re8 $19 28. Re1 h6 29. g5 fxg5 30. hxg5 h5 31. g6 Kb8 32. Qg5 Ka7 33. Qxh5 Rxe3 34. Rc1 Qc4 35. Qh1 Qc5 $2 (35... Qf4 $19 36. Rcd1 Qg3 (36... Qxf3 $2 37. Qh4 $19) (36... Rxf3 $2 37. Qg1+ Qe3 38. Qh2 $19)) 36. f4 $2 (36. Qh5 $11 Qb6 37. Qg4) 36... d4 37. Qd1 Bf3 38. Qf1 Be4 39. Qd1 Bf3 (39... b3 $142 40. axb3 Rxb3 (40... Bxg6 41. Rxd4 Rxb3 42. Ra4+ Kb8 43. Qd8+ Rc8 44. Qd2 $19) (40... d3 $2 41. c3 $19)) 40. Qf1 $1 Be4 ({Black should try} 40... Rc6 $19 {[%cal Ob4b3] and ...b3! should not be overlooked} 41. f5 Be4 (41... Qxf5 $2 42. Rxd4 $19)) 41. Qg1 $2 (41. Qd1 $1 $11 {and White stays safe.} b3 (41... Bxg6 $2 42. Rxd4 $19) 42. axb3 Rxb3 (42... Bxg6 $2 43. Rxd4 Rxb3 44. Ra4+ Kb7 45. Ka1 $19) (42... d3 $2 43. c3 $19) 43. Rd3 Rxd3 (43... Bxd3 $2 44. cxd3 $19) 44. cxd3 Qxc1+ 45. Qxc1 Bxd3+ 46. Ka2 Rxc1 47. b4 Rc2+ (47... Bxg6 {gets mated.} 48. b5 d3 49. Kb3 d2 50. Kb2 d1=Q 51. b6+ Kxb6 52. f5 Rc2+ 53. Ka3 Qd3+ 54. Kb4 Rc4#) 48. Ka3 Kb6 (48... Bxg6 49. b5 d3 50. Kb4 d2 51. Ka5 Rb2 52. f5 d1=Q 53. b6+ Rxb6 54. fxg6 Qa1#) (48... Rc3+ 49. Ka2 Kb6 50. b5 Kxb5 51. Ka1 Rc2 52. f5 Bxf5 53. Kb1 d3 54. Ka1 d2 55. Kb1 d1=Q#) 49. Kb3 Bf5 (49... Bxg6 50. f5 Bxf5 51. b5 Kxb5 52. Ka3 Kc4 53. Ka4 Ra2#) (49... Rc3+ 50. Kb2 Rc2+ 51. Kb1 Bf5 52. Ka1 d3 53. Kb1 d2 54. Ka1 d1=Q#) 50. Ka3 Be6 (50... Bxg6 51. Kb3 d3 52. Ka4 Bf7 53. b5 Kc5 54. f5 Ra2#) 51. b5 Kxb5 52. f5 Ra2#) 41... Bf5 42. Qd1 b3 43. axb3 Rxb3 44. Rxd4 {[%emt 0:00:23] [#]} Rxb2+ $3 45. Kxb2 Qc3+ 46. Ka2 Be6+ (46... Bxg6 47. Ra4+ Kb6 48. Rb1+ (48. Qd6+ Kb5 $18) 48... Kc5 49. Qg1+ Kd5 50. Qg5+ (50. Qxg6 Qxc2+ 51. Qxc2 Rxc2+ 52. Kb3 Re2 $18) 50... Ke6 51. Qxg6+ Qf6 52. Re1+ Kd6 53. Qd3+) 47. Rd5 Qc4+ 48. Ka3 Qc3+ 49. Ka2 Qa5+ 50. Kb2 Rb7+ {[%emt 0:00:06] Weighted Error Value: White=0.78/Black=0.43  Loses game:     	White=2     	---        Missed win:     	---       	Black=1      Mistake:       	White=4     	Black=3      Inaccurate:     	White=4     	Black=1      OK:         	White=13    	Black=11     Best:        	White=2     	Black=5      Strong:       	White=2     	Black=1} 0-1